 Dungeon Crawl Stone Soup version 0.28-a0-843-gb979743d38 (webtiles) character file.

Game seed: 14345063733000442414

235 Nixze the Gusty (level 5, 0/28 HPs)
             Began as a Deep Elf Air Elementalist on Nov 12, 2021.
             Killed by their own static electricity (1 damage)
             ... in a sewer.
             The game lasted 00:08:02 (3389 turns).

Nixze the Gusty (Deep Elf Air Elementalist)         Turns: 3389, Time: 00:08:03

Health: 0/28       AC:  3    Str:  5    XL:     5   Next: 76%
Magic:  12/21      EV: 13    Int: 21    God:
Gold:   97         SH:  0    Dex: 15    Spells: 8/11 levels left

rFire   . . .      SeeInvis .   f - +4 dagger
rCold   . . .      Faith    .   (no shield)
rNeg    . . .      Spirit   .   a - +0 robe
rPois   .          Reflect  .   (no helmet)
rElec   .          Harm     .   l - +0 cloak
rCorr   .          Rampage  .   (no gloves)
Will    .....                   (no boots)
Stlth   +.........              (no amulet)
HPRegen 0.09/turn               d - ring of magical power
MPRegen 0.17/turn               (no ring)

@: very slow
A: no striking features
a: no special abilities


You were in a sewer.
You visited 1 branch of the dungeon, and saw 4 of its levels.
You also visited: Sewer.

You collected 97 gold pieces.

Inventory:

Hand Weapons
 f - a +4 dagger (weapon)
Missiles
 c - 45 stones
 i - 19 poisoned darts
 o - 4 silver javelins
Armour
 a - a +0 robe (worn)
 b - a +0 buckler
 h - a +0 kite shield
 l - a +0 cloak (worn)
Jewellery
 d - a ring of magical power (left hand)
Scrolls
 p - 2 scrolls of identify
Potions
 e - a potion of magic {unknown}
 k - a potion of lignification {unknown}
 m - a potion of haste {unknown}


   Skills:
 + Level 0.5 Fighting
 + Level 2.8 Dodging
 - Level 2.4 Stealth
 + Level 0.3 Shields
 * Level 3.5 Spellcasting
 + Level 1.4 Conjurations
 + Level 6.0 Air Magic


You had 8 spell levels left.
You knew the following spells:

 Your Spells              Type           Power      Damage    Failure   Level
a - Shock                 Conj/Air       76%        1d7       2%          1
b - Static Discharge      Conj/Air       19%        N/A       4%          2

Your spell library contained the following spells:

 Spells                   Type           Power      Damage    Failure   Level
 Swiftness                Air            29%        N/A       3%          3
 Airstrike                Air            14%        N/A       11%         4


Dungeon Overview and Level Annotations

Branches:
Dungeon (4/15)              Sewer (1/1)
 Temple: D:4-7

Altars:
The Shining One


Message History

Aim: a bullfrog (64% to hit)
The zap hits the bullfrog.
The bullfrog is lightly wounded.
A bullfrog comes into view.
Casting: Shock (safe; 2% risk of failure)
Confirm with . or Enter, or press ? or * to list all spells.
The bullfrog is struck by an arc of lightning.
The bullfrog is heavily wounded.
You are struck by an arc of lightning.
The lightning grounds out.
The bullfrog gives a loud, deep croak!
The bullfrog hits you.
Casting: Static Discharge (safe; 4% risk of failure)
Confirm with . or Enter, or press ? or * to list all spells.
The bullfrog is struck by an arc of lightning.
The bullfrog is heavily wounded.
You are struck by an arc of lightning.
The lightning grounds out.
The bullfrog hits you. The bullfrog hits you!
* * * LOW HITPOINT WARNING * * *
As you read the scroll of fear, it crumbles to dust.
You assume a fearsome visage.
The bullfrog resists with some effort.
The bullfrog looks frightened!
The bullfrog hits you.
* * * LOW HITPOINT WARNING * * *
Okay, then.
Unknown command.
Unknown command.
Unknown command.
Unknown command.
Casting: Static Discharge (safe; 4% risk of failure)
Confirm with . or Enter, or press ? or * to list all spells.
The bullfrog is struck by an arc of lightning.
The bullfrog is severely wounded.
You are struck by an arc of lightning.
* * * LOW HITPOINT WARNING * * *
The lightning grounds out.
The bullfrog closely misses you. x2
Casting: Static Discharge (safe; 4% risk of failure)
Confirm with . or Enter, or press ? or * to list all spells.
The bullfrog is struck by an arc of lightning!
You kill the bullfrog!
You are struck by an arc of lightning.
You die...

#.≈≈≈≈# #†≈≈≈≈# #.≈≈≈.#
# #.≈≈≈≈# ###≈F #.≈≈≈≈#
##≈≈≈≈≈
#†≈≈≈≈##≈≈≈≈≈≈≈≈≈≈≈≈≈≈≈#
#≈≈≈≈≈#≈≈≈≈∩≈≈≈≈≈≈≈≈≈≈≈≈
#≈÷≈≈≈≈≈≈≈≈..≈≈≈.≈≈≈≈≈≈≈
#≈≈≈≈≈≈@≈≈≈.≈.≈.(.≈≈≈≈≈≈
#≈≈≈≈≈≈≈≈≈≈≈..≈[$?.≈≈≈≈≈
#≈≈≈≈≈≈≈≈≈≈≈.≈≈≈?.≈≈≈≈≈≈
#≈≈≈≈≈≈≈≈≈≈≈≈≈≈≈≈≈≈≈≈≈≈≈
#≈≈≈≈≈≈≈≈≈≈≈≈≈≈≈≈≈≈≈≈≈≈≈
#≈≈≈≈.≈≈≈≈≈≈≈≈≈≈≈≈≈≈≈≈≈≈
#.≈≈≈.≈≈≈≈≈≈≈≈≈≈≈≈≈≈≈≈##
#.≈≈≈≈..≈≈≈≈≈≈≈≈≈≈......
#.≈≈≈≈≈≈≈≈≈≈≈÷≈≈≈≈≈≈≈≈≈≈


You could see a bullfrog (fleeing).

Vanquished Creatures
  A bullfrog (Sewer)
  An orc priest (D:3)
  5 gnolls
  4 adders
  3 river rats (D:4)
  4 worms
  A dart slug (D:2)
  7 orcs
  5 ball pythons
  3 bats
  4 endoplasms
  6 giant cockroaches
  9 goblins
  5 hobgoblins
  2 kobolds (D:1)
  3 quokkas
  12 frilled lizards
  6 rats
81 creatures vanquished.

Notes
Turn   | Place    | Note
-------+----------+-------------------------------------------
     0 | D:1      | Nixze the Deep Elf Air Elementalist began the quest for the
                  | Orb.
     0 | D:1      | Reached XP level 1. HP: 10/10 MP: 6/6
   453 | D:1      | Reached XP level 2. HP: 12/15 MP: 8/8
   508 | D:1      | Learned a level 2 spell: Static Discharge
   509 | D:1      | Found a faded altar of an unknown god.
   672 | D:1      | Reached skill level 4 in Air Magic
   965 | D:1      | Reached XP level 3. HP: 19/19 MP: 9/9
  1776 | D:2      | Reached XP level 4. HP: 14/24 MP: 10/10
  1777 | D:2      | Reached skill level 5 in Air Magic
  2350 | D:3      | Reached XP level 5. HP: 28/28 MP: 11/11
  2741 | D:4      | Found a glowing golden altar of the Shining One.
  2834 | D:4      | Reached skill level 6 in Air Magic
  2943 | D:4      | Found a glowing drain.
  2951 | Sewer    | Entered a sewer
  3388 | Sewer    | HP: 1/28 [/static electricity (2)]
  3389 | Sewer    | Killed from afar by themself

Illustrated notes

Levels and vault maps discovered:
D:1:      dpeg_arrival_leaves_temple_mockup, layout_basic,
          shapermc_ecumenical_altar_mp_highgroup
D:2:      layout_loops_ring
D:3:      minmay_general_purpose_star, layout_loops_cross, uniq_natasha,
          uniq_sigmund, uniq_grinder
D:4:      minmay_spotlight, layout_rooms, tso_metal_star,
          mainiacjoe_overflow_six_doors_small, lightli_sewer_entry_pipes
Sewer:    sewer_frog_island_01

Skill      XL: |  1  2  3  4  5 |
---------------+----------------+-----
Air Magic      | 4 5 6 |  6.0
Fighting       | |  0.5
Dodging        | |  2.8
Stealth        | |  2.4
Shields        | |  0.3
Spellcasting   | |  3.5
Conjurations   | |  1.4

Action                   |  1- 3 |  4- 6 || total
-------------------------+-------+-------++-------
 Cast: Shock             |    84 |    90 ||   174
       Static Discharge  |       |    12 ||    12
  Use: Scroll            |       |     5 ||     5
       Potion            |       |     1 ||     1
Armor: Robe              |       |     5 ||     5
Dodge: Dodged            |    10 |    19 ||    29

Table legend: (Time is in decaauts)
 A = Elapsed time spent in this place.
 B = Non-inter-level travel time spent in this place.
 C = Inter-level travel time spent in this place.
 D = Time resting spent in this place.
 E = Time spent auto-exploring this place.
 F = Levels seen in this place.
 G = Mean time per level.
                   A        B        C        D        E       F      G
               +--------+--------+--------+--------+--------+-----+--------+
         Total |   3431 |   3300 |    131 |    589 |   2200 |   5 |  686.2 |
       Dungeon |   2958 |   2827 |    131 |    478 |   1894 |   4 |  739.5 |
         Sewer |    472 |    472 |      0 |    111 |    306 |   1 |  472.0 |
               +--------+--------+--------+--------+--------+-----+--------+

Top non-repeatable levels by time:
     D:1: 1052 daAuts
     D:2: 883 daAuts
     D:3: 746 daAuts
   Sewer: 472 daAuts
     D:4: 276 daAuts
